 Dungeon Crawl Stone Soup version 0.25-a0-294-gea9b1ad (webtiles) character file.

Game seed: 11851216938473212455, levelgen mode: deterministic

491 Birdy the Ruffian (level 6, -1/84 HPs)
             Began as a Draconian Fighter on Dec 16, 2019.
             Slain by an orc priest
             ... wielding a +1 whip of electrocution
              (19 damage)
             ... on level 3 of the Dungeon.
             The game lasted 00:06:14 (3518 turns).

Birdy the Ruffian (Draconian Fighter)               Turns: 3518, Time: 00:06:15

Health: -1/84      AC: 11    Str: 25    XL:     6   Next: 91%
Magic:  6/6        EV: 11    Int: 13    God:
Gold:   171        SH: 10    Dex: 11    Spells: 5/5 levels left

rFire    . . .     SeeInvis .     - Unarmed
rCold    . . .     Gourm    .   a - +1 shield
rNeg     . . .     Faith    .   (armour unavailable)
rPois    .         Spirit   .   (helmet restricted)
rElec    .         Reflect  .   (no cloak)
rCorr    .         Harm     .   (no gloves)
MR       .....                  j - +0 pair of boots
Stlth    ..........             (no amulet)
HPRegen  0.24/turn              m - +3 ring of protection
MPRegen  0.10/turn              (no ring)

@: brilliant, berserking, flying, very quick
A: unfitting armour, blurry vision 1, screaming 1, shaggy fur 1, evolution 1,
cold-blooded, AC +6
a: no special abilities


You were on level 3 of the Dungeon.
You were hungry.

You visited 1 branch of the dungeon, and saw 3 of its levels.

You collected 171 gold pieces.

Inventory:

Missiles
 d - 31 bolts
Armour
 a - a +1 shield (worn)
 j - a +0 pair of boots (worn)
Jewellery
 m - a +3 ring of protection (left hand)
Wands
 n - a wand of random effects (17)
Scrolls
 g - 3 scrolls of remove curse
 k - a scroll of amnesia
Potions
 b - 2 potions of might
 e - a potion of mutation
 h - 3 potions of brilliance
Comestibles
 c - 5 rations


   Skills:
 + Level 5.1 Fighting
 + Level 4.2 Dodging
 - Level 3.0 Shields
 * Level 5.4 Unarmed Combat


You had 5 spell levels left.
You didn't know any spells.
Your spell library was empty.

Dungeon Overview and Level Annotations

Branches:
Dungeon (3/15)

Altars:
Kikubaaqudgha
Nemelex Xobeh
Zin


Innate Abilities, Weirdness & Mutations

Your plain brown scales are hard. (AC +6)
You cannot fit into any form of body armour.
You are cold-blooded and may be slowed by cold attacks.
Scrolls take you a little longer to read.
You occasionally shout uncontrollably at your foes.
You are covered in fur. (AC +1)
You evolve.


Message History

The orc hits you with a +0 mace.
* * * LOW HITPOINT WARNING * * *
Okay, then.
Okay, then.
The orc priest looks encouraged for a moment.
It was a potion of brilliance.
You feel clever all of a sudden.
It was a potion of magic.
Magic courses through your body.
It was a potion of flight.
You feel very buoyant.
You fly up into the air.
The orc hits you but does no damage.
It was a potion of berserk rage.
A red film seems to cover your vision as you go berserk!
You feel yourself moving faster!
You feel mighty! The orc misses you.
The orc priest begins to cast a cantrip, but forgets the words!
You punch the orc!
You kill the orc!
The orc priest hits you but does no damage.
You are electrocuted!!
You die...

### ####### #.. .......
#.# ....... #.# ..###.#
#.# .# # # #.# #.# #.#
#.# #.######.# ###@###
##.#.......
#.oo.$####....# #..
.......#.........######
#................##....
.....#######......##.###
##.## #.#...###.# # #.
#.##..# #.# # #
#.###.###.### #.#
#.##....#


You could see an orc priest and an orc.

Vanquished Creatures
  The ghost of minmay the Magician, an amateur OpFi (D:3)
  3 vampire bats (D:2)
  A bullfrog zombie (D:3)
  An orc wizard (D:3)
  Natasha (thrice) (D:3)
  Terence (D:3)
  A hound skeleton (D:3)
  6 gnolls
  An adder (D:2)
  An ooze (D:3)
  A dart slug (D:1)
  3 orcs (D:3)
  3 bat skeletons (D:2)
  3 bat zombies (D:2)
  2 giant cockroaches
  5 goblins (D:1)
  8 hobgoblins
  2 jackals (D:3)
  5 kobolds
  A quokka (D:3)
  8 bats
  5 frilled lizards
  A leopard gecko skeleton (D:3)
  A leopard gecko zombie (D:3)
  2 rats (D:1)
69 creatures vanquished.

Notes
Turn   | Place    | Note
-------+----------+-------------------------------------------
     0 | D:1      | Birdy the Draconian Fighter began the quest for the Orb.
     0 | D:1      | Reached XP level 1. HP: 19/19 MP: 1/1
     3 | D:1      | Noticed an electric eel
     3 | D:1      | Noticed an electric eel
   176 | D:1      | Reached XP level 2. HP: 26/26 MP: 2/2
   819 | D:1      | Reached XP level 3. HP: 9/33 MP: 3/3
  1670 | D:2      | Reached XP level 4. HP: 39/40 MP: 4/4
  1713 | D:2      | Found a glowing silver altar of Zin.
  1902 | D:2      | Found an ancient bone altar of Kikubaaqudgha.
  1914 | D:2      | Reached XP level 5. HP: 35/46 MP: 5/5
  2228 | D:2      | Found a sparkling altar of Nemelex Xobeh.
  2630 | D:3      | Noticed Natasha
  2657 | D:3      | Killed Natasha
  2988 | D:3      | Noticed Terence
  3023 | D:3      | Killed Terence
  3023 | D:3      | Reached XP level 6. HP: 44/53 MP: 6/6
  3201 | D:3      | Noticed Natasha
  3230 | D:3      | Killed Natasha
  3245 | D:3      | Noticed Natasha
  3252 | D:3      | Killed Natasha
  3252 | D:3      | Reached skill level 5 in Unarmed Combat
  3280 | D:3      | Found a transporter.
  3280 | D:3      | Noticed minmay's ghost (amateur OpFi)
  3282 | D:3      | Found a transporter.
  3294 | D:3      | Gained mutation: You are covered in fur. (AC +1) [potion of
                  | mutation]
  3294 | D:3      | Gained mutation: You occasionally shout uncontrollably at
                  | your foes. [potion of mutation]
  3294 | D:3      | Gained mutation: Scrolls take you a little longer to read.
                  | [potion of mutation]
  3294 | D:3      | Gained mutation: You evolve. [potion of mutation]
  3317 | D:3      | Killed minmay's ghost
  3317 | D:3      | Reached skill level 5 in Fighting
  3518 | D:3      | Slain by an orc priest

Levels and vault maps discovered:
D:1:      arrival_aquarium_b, layout_loops_ring
D:2:      layout_basic, kennysheep_vampire_church, zin_academy,
          nemelex_altar_shiori
D:3:      layout_loops_ring, first_ration, gammafunk_ghost_mausoleum,
          uniq_terence, uniq_natasha

Skill      XL: |  1  2  3  4  5  6 |
---------------+-------------------+-----
Dodging        | 3 4 |  4.2
Unarmed Combat | 3 4 5 |  5.4
Fighting       | 4 5 |  5.1
Shields        | |  3.0

Action                   |  1- 3 |  4- 6 || total
-------------------------+-------+-------++-------
Melee: Unarmed           |   100 |   210 ||   310
       Tailslap          |    11 |    26 ||    37
  Use: Scroll            |       |     6 ||     6
       Potion            |       |     5 ||     5
  Eat: Chunk             |     1 |       ||     1
       Ration            |       |     2 ||     2
Armor: Skin              |    28 |    72 ||   100
Dodge: Dodged            |    39 |   100 ||   139
Block: Shield            |    47 |   104 ||   151

Table legend:
 A = Non-vault XP
 B = Vault XP
 C = Vault XP percentage of total XP
 D = Non-vault monster count
 E = Vault monster count
 F = Vault count percentage of total count
                 A         B        C        D         E       F
            +---------+---------+-------+---------+---------+-------
      Total |     290 |     412 |  58.7 |      53 |      16 |  23.2
            +---------+---------+-------+---------+---------+-------
        D:1 |      49 |       0 |   0.0 |      20 |       0 |   0.0
        D:2 |      59 |     174 |  74.7 |      14 |       9 |  39.1
        D:3 |     182 |     238 |  56.7 |      19 |       7 |  26.9
            +---------+---------+-------+---------+---------+-------
